[Event "WSTCC-50 2020"]
[Site "Prague"]
[Date "2020.03.08"]
[Round "3.37"]
[White "Bartak, Vladimir"]
[Black "Janacek, Jaroslav"]
[Result "1-0"]
[ECO "A21"]
[WhiteElo "2276"]
[BlackElo "2056"]
[Annotator "RC"]
[PlyCount "101"]
[EventDate "2020.03.06"]
[EventType "team-tourn"]
[EventCountry "CZE"]
[SourceTitle "playchess.com"]
[Source "ChessBase"]
[SourceQuality "1"]
[TimeControl "40/5400+30:1800+30"]

1. c4 e5 2. Nc3 d6 3. d3 f5 4. g3 Nf6 5. Bg2 Be7 6. f4 O-O 7. Nh3 Qe8 8. O-O Na6 9. Rb1 c6 10. b4 Bd7 11. Nf2 Bd8 12. Kh1 Bc7 13. e3 Rd8 14. Re1 h6 15. d4 e4 16. b5 cxb5 17. Nxb5 Bb8 18. Ba3 Bc8 19. d5 Qg6 20. Qd4 b6 21. Rg1 Nc5 22. Bb2 a6 23. Na3 Rf7 24. Bf1 Ba7 25. Qd2 h5 26. Ba1 Ng4 27. Nh3 Re7 28. Nc2 Nd3 29. Nd4 Bd7 30. Rg2 b5 31. cxb5 Bxd4 32. Bxd4 Bxb5 33. Ng5 Rde8 34. Qc2 Nf6 35. a4 Bd7 36. Qb3 Nh7 37. h4 Nf6 38. Rd2 Ng4 39. Kg1 Rc8 40. Qb6 a5 41. Qxa5 Qe8 42. Qb6 Bxa4 43. Ra2 Bc2 44. Rba1 Ndf2 45. Ra7 Bd3 46. Qxd6 Rxa7 47. Rxa7 Qf8 48. Qe6+ Kh8 49. Qg6 Nh3+ 50. Nxh3 Nf6 51. Rxg7 1-0

[Event "WSTCC-50 2020"]
[Site "Prague"]
[Date "2020.03.08"]
[Round "3.39"]
[White "Strnad, Josef"]
[Black "Oburka, Vladislav"]
[Result "0-1"]
[ECO "A05"]
[WhiteElo "1860"]
[BlackElo "1759"]
[Annotator "NA RC"]
[PlyCount "82"]
[EventDate "2020.03.06"]
[EventType "team-tourn"]
[EventCountry "CZE"]
[SourceTitle "playchess.com"]
[Source "ChessBase"]
[SourceQuality "1"]
[TimeControl "40/5400+30:1800+30"]

1. Nf3 Nf6 2. g3 d5 3. d4 e6 4. Bg2 Nbd7 5. b3 b6 6. Bb2 {[%emt 0:00:30] D02: 1 d4 d5 2 Nf3 sidelines, including 2...Nf6 3 g3 and 2...Nf6 3 Bf4.} Bb4+ 7. c3 Be7 8. O-O {[%emt 0:00:15] [#]} O-O $146 ({Predecessor:} 8... Bb7 9. c4 O-O 10. Nc3 dxc4 11. bxc4 Ne4 12. Qc2 Nxc3 13. Bxc3 c5 14. Ne5 Bxg2 15. Kxg2 Qc7 16. Nxd7 Qxd7 17. dxc5 Bxc5 18. Rfd1 Qc6+ 19. Kg1 {½-½ (46) Szymczak,R (2081)-Alvarado Rodriguez,C (2191) Warsaw 2007}) 9. Nbd2 Bb7 10. Rc1 c5 11. Re1 Rc8 12. e3 Re8 13. c4 h6 14. Ne5 Rc7 15. Qe2 Qa8 16. Red1 dxc4 17. Bxb7 Qxb7 18. Ndxc4 Rd8 19. f3 Nh7 20. Kf2 Nxe5 21. Nxe5 Rcc8 22. Rc2 Nf6 23. Rcd2 Qc7 24. Rc1 Qb7 25. e4 cxd4 26. Rxc8 Qxc8 $11 27. Bxd4 Bc5 28. Qc4 b5 29. Qxc5 Qxc5 30. Bxc5 Rxd2+ 31. Ke3 Rxa2 32. h4 a5 33. Kd3 Nh5 34. g4 Nf4+ 35. Kc3 Ne2+ 36. Kd3 Nc1+ 37. Kc3 b4+ 38. Kc4 Rc2+ 39. Kb5 Nxb3 40. Bd6 Ra2 41. Bc7 Nd4+ 0-1

[Event "WSTCC-50 2020"]
[Site "Prague"]
[Date "2020.03.08"]
[Round "3.40"]
[White "Kuda, Pavel"]
[Black "Kalvach, Ladislav"]
[Result "1/2-1/2"]
[ECO "A45"]
[WhiteElo "1421"]
[BlackElo "1773"]
[Annotator "NA RC"]
[PlyCount "43"]
[EventDate "2020.03.06"]
[EventType "team-tourn"]
[EventCountry "CZE"]
[SourceTitle "playchess.com"]
[Source "ChessBase"]
[SourceQuality "1"]
[TimeControl "40/5400+30:1800+30"]

1. d4 Nf6 2. Bf4 e6 3. e3 c5 4. c3 Be7 5. Nf3 Nc6 6. h3 a6 7. Bd3 d5 8. Nbd2 c4 9. Bb1 b5 10. a3 Bb7 11. Ne5 Nxe5 12. Bxe5 Bd6 13. Qf3 Bxe5 14. dxe5 Nd7 15. Qg3 g6 16. Nf3 Qe7 17. Nd4 Nc5 18. f3 Rc8 19. Bc2 O-O 20. h4 Kh8 21. Qg5 Qxg5 22. hxg5 1/2-1/2

[Event "WSTCC-50 2020"]
[Site "Prague"]
[Date "2020.03.09"]
[Round "4.19"]
[White "Fatalibekova, Elena"]
[Black "Cejkova, Miroslava"]
[Result "1-0"]
[ECO "C41"]
[WhiteElo "2158"]
[BlackElo "1998"]
[Annotator "ChessBase"]
[PlyCount "111"]
[EventDate "2020.03.06"]
[EventType "team-tourn"]
[EventCountry "CZE"]
[SourceTitle "playchess.com"]
[Source "ChessBase"]
[SourceQuality "1"]
[TimeControl "40/5400+30:1800+30"]

1. e4 e5 2. Nf3 d6 3. d4 Nd7 4. Bc4 c6 5. O-O Be7 6. Qe2 h6 7. a4 Ngf6 8. Nc3 Qc7 9. dxe5 dxe5 10. Nh4 Nb6 11. Bb3 g5 12. a5 gxh4 13. axb6 Qxb6 14. Be3 Qc7 15. Bxa7 b5 16. Bb6 Qb7 17. Rxa8 Qxa8 18. Bc7 h3 19. Bxe5 hxg2 20. Rd1 Rg8 21. Bxf6 Bxf6 22. e5 Be7 23. e6 fxe6 24. Bxe6 Bxe6 25. Qxe6 Rg7 26. Qxh6 Kf7 27. Re1 Bf6 28. Ne4 Qd8 29. Qxf6+ Qxf6 30. Nxf6 Kxf6 31. Re3 b4 32. Re4 c5 33. Rc4 Rg5 34. h4 Rd5 35. Kxg2 Ke6 36. Kg3 Kd6 37. b3 Ke6 38. Kg4 Kf6 39. f4 Kg6 40. Re4 Rd2 41. h5+ Kg7 42. Rc4 Rd5 43. f5 Kh6 44. Rf4 Kg7 45. Kg5 Rd2 46. h6+ Kh7 47. Rc4 Rg2+ 48. Kf6 Rf2 49. Rxc5 Kxh6 50. Kf7 Rd2 51. f6 Rd7+ 52. Ke6 Rb7 53. Rf5 Rb6+ 54. Kd7 Kg6 55. f7 Rb7+ 56. Kc6 1-0

[Event "WSTCC-50 2020"]
[Site "Prague"]
[Date "2020.03.09"]
[Round "4.20"]
[White "Taborska, Veronika"]
[Black "Titorenko, Natalia I"]
[Result "1/2-1/2"]
[ECO "E40"]
[WhiteElo "1995"]
[BlackElo "2113"]
[Annotator "ChessBase"]
[PlyCount "70"]
[EventDate "2020.03.06"]
[EventType "team-tourn"]
[EventCountry "CZE"]
[SourceTitle "playchess.com"]
[Source "ChessBase"]
[SourceQuality "1"]
[TimeControl "40/5400+30:1800+30"]

1. d4 Nf6 2. c4 e6 3. Nc3 Bb4 4. e3 Nc6 5. Bd3 d5 6. Nge2 O-O 7. O-O dxc4 8. Bxc4 Re8 9. a3 Be7 10. b4 a5 11. b5 Nb8 12. Bb2 Nbd7 13. Rc1 Nb6 14. Bb3 Bd6 15. h3 Qe7 16. a4 Bd7 17. e4 e5 18. d5 Nh5 19. Ng3 Nf4 20. Qf3 Qg5 21. Nce2 Ng6 22. Rc2 Rf8 23. Bc1 Qf6 24. Qxf6 gxf6 25. Nh5 f5 26. Nf6+ Kg7 27. Nxd7 Nxd7 28. exf5 Ne7 29. g4 Nc5 30. Rc3 Nxb3 31. Rxb3 Nxd5 32. Ng3 f6 33. Ne4 Nb6 34. Nxd6 cxd6 35. Rd1 d5 1/2-1/2

[Event "WSTCC-50 2020"]
[Site "Prague"]
[Date "2020.03.09"]
[Round "4.23"]
[White "Groh, Jiri"]
[Black "Findlay, Ian T."]
[Result "1-0"]
[ECO "A05"]
[WhiteElo "1979"]
[BlackElo "2159"]
[Annotator "ChessBase"]
[PlyCount "105"]
[EventDate "2020.03.06"]
[EventType "team-tourn"]
[EventCountry "CZE"]
[SourceTitle "playchess.com"]
[Source "ChessBase"]
[SourceQuality "1"]
[TimeControl "40/5400+30:1800+30"]

1. Nf3 Nf6 2. c4 e6 3. e3 d5 4. Be2 c5 5. d4 dxc4 6. O-O Nc6 7. Nc3 a6 8. Bxc4 b5 9. Bb3 Bb7 10. a4 c4 11. axb5 axb5 12. Rxa8 Bxa8 13. Bc2 Qb6 14. b3 cxb3 15. Bxb3 Bb4 16. Qd3 Bxc3 17. Qxc3 O-O 18. Bb2 Ne4 19. Qd3 Nb4 20. Qb1 Qb7 21. d5 Nc5 22. Ba3 Nbd3 23. dxe6 fxe6 24. Bxe6+ Nxe6 25. Bxf8 Ne5 26. Qb3 Nxf3+ 27. gxf3 Qf7 28. Bd6 Ng5 29. Qxf7+ Kxf7 30. Rc1 Nxf3+ 31. Kf1 Ke6 32. Bb8 g5 33. Rc5 Bd5 34. Ke2 b4 35. Kd3 Ne1+ 36. Kd2 Nf3+ 37. Kc2 Ne1+ 38. Kd2 Nf3+ 39. Kc1 Ne1 40. Rb5 Nd3+ 41. Kd2 Bc4 42. Rxg5 b3 43. Kc3 b2 44. Rg1 Ba2 45. Kxd3 b1=Q+ 46. Rxb1 Bxb1+ 47. Kd4 Bc2 48. e4 Bd1 49. Ke3 Bc2 50. f4 Bb1 51. Ba7 Bc2 52. f5+ Kf7 53. Kf4 1-0

[Event "WSTCC-50 2020"]
[Site "Prague"]
[Date "2020.03.09"]
[Round "4.24"]
[White "Barron, Michael"]
[Black "Vanek, Petr"]
[Result "1-0"]
[ECO "C06"]
[WhiteElo "2075"]
[BlackElo "2076"]
[Annotator "ChessBase"]
[PlyCount "107"]
[EventDate "2020.03.06"]
[EventType "team-tourn"]
[EventCountry "CZE"]
[SourceTitle "playchess.com"]
[Source "ChessBase"]
[SourceQuality "1"]
[TimeControl "40/5400+30:1800+30"]

1. e4 e6 2. d4 d5 3. Nd2 Nf6 4. e5 Nfd7 5. Bd3 c5 6. c3 Nc6 7. Ne2 cxd4 8. cxd4 f6 9. exf6 Nxf6 10. O-O Bd6 11. Nf3 O-O 12. Bg5 Qc7 13. Bh4 Bd7 14. Bg3 Rae8 15. Rc1 Bxg3 16. hxg3 Qd6 17. Qb3 Qb4 18. Rc3 Qxb3 19. Rxb3 b6 20. Rc1 e5 21. dxe5 Nxe5 22. Nxe5 Rxe5 23. f3 Rfe8 24. Kf2 Bf5 25. Nd4 Bxd3 26. Rxd3 Kf7 27. Rd2 R5e7 28. g4 h6 29. Rdc2 Rd7 30. Rc7 Rxc7 31. Rxc7+ Re7 32. Rxe7+ Kxe7 33. Nc6+ Kd6 34. Nxa7 Kc5 35. Nc8 d4 36. Ne7 Kc4 37. Ke2 g5 38. Kd2 b5 39. Kc2 h5 40. Ng6 hxg4 41. Ne5+ Kd5 42. Nxg4 Nd7 43. b3 b4 44. Kd2 Nc5 45. Nf2 Ke6 46. Ne4 Nxe4+ 47. fxe4 Kd6 48. Kd3 Ke5 49. g4 Kf4 50. Kxd4 Kxg4 51. e5 Kf5 52. Kd5 g4 53. e6 Kf6 54. Kd6 1-0

[Event "WSTCC-50 2020"]
[Site "Prague"]
[Date "2020.03.09"]
[Round "4.26"]
[White "Sandten, Ulrich"]
[Black "Grabuzova, Tatiana"]
[Result "1/2-1/2"]
[ECO "A40"]
[WhiteElo "2100"]
[BlackElo "2272"]
[Annotator "ChessBase"]
[PlyCount "92"]
[EventDate "2020.03.06"]
[EventType "team-tourn"]
[EventCountry "CZE"]
[SourceTitle "playchess.com"]
[Source "ChessBase"]
[SourceQuality "1"]
[TimeControl "40/5400+30:1800+30"]

1. d4 e6 2. Nf3 f5 3. e3 Nf6 4. Be2 b6 5. O-O Bb7 6. c4 Be7 7. Nc3 O-O 8. Rb1 Ne4 9. Qc2 Nxc3 10. Qxc3 Be4 11. Ra1 Bf6 12. b4 c5 13. Bb2 Nc6 14. bxc5 bxc5 15. Qd2 Rb8 16. Bc3 d6 17. Rfd1 Qe7 18. Ne1 cxd4 19. exd4 Bg5 20. f4 Bh6 21. Nf3 e5 22. dxe5 dxe5 23. Nxe5 Qc5+ 24. Kf1 Nxe5 25. Bxe5 Qxe5 26. fxe5 Bxd2 27. Rxd2 Rbe8 28. Kf2 Rxe5 29. Rc1 Ra5 30. Rc3 Rb8 31. Rb3 Rb6 32. Rxb6 axb6 33. Rb2 Ra3 34. g3 Kf8 35. Rxb6 Rxa2 36. Ke3 g5 37. Rd6 Kg7 38. Rb6 Kf8 39. h4 Ra3+ 40. Kd4 Rxg3 41. hxg5 Rxg5 42. Ke5 Rg6 43. Rxg6 hxg6 44. Kf6 f4 45. Kg5 f3 46. Bxf3 Bxf3 1/2-1/2

[Event "WSTCC-50 2020"]
[Site "Prague"]
[Date "2020.03.09"]
[Round "4.27"]
[White "Yakimenko, Alexander A."]
[Black "Zimmermann, Rolf"]
[Result "1-0"]
[ECO "B01"]
[WhiteElo "2149"]
[BlackElo "2090"]
[Annotator "ChessBase"]
[PlyCount "41"]
[EventDate "2020.03.06"]
[EventType "team-tourn"]
[EventCountry "CZE"]
[SourceTitle "playchess.com"]
[Source "ChessBase"]
[SourceQuality "1"]
[TimeControl "40/5400+30:1800+30"]

1. e4 d5 2. exd5 Nf6 3. Bb5+ Bd7 4. Bc4 Bg4 5. f3 Bh5 6. Nc3 c6 7. dxc6 Nxc6 8. Nge2 e5 9. O-O Bc5+ 10. Kh1 a6 11. d3 Na5 12. Bg5 Nxc4 13. dxc4 Qxd1 14. Raxd1 Be7 15. Ng3 Bg6 16. Rfe1 h6 17. Bxf6 Bxf6 18. Nd5 O-O-O 19. Ne4 Rhe8 20. Ndxf6 gxf6 21. Nd6+ 1-0

[Event "WSTCC-50 2020"]
[Site "Prague"]
[Date "2020.03.09"]
[Round "4.28"]
[White "Hoehn, Michael"]
[Black "Chudinovskikh, Alexander M"]
[Result "0-1"]
[ECO "B06"]
[WhiteElo "2036"]
[BlackElo "2139"]
[Annotator "NA"]
[PlyCount "46"]
[EventDate "2020.03.06"]
[EventType "team-tourn"]
[EventCountry "CZE"]
[SourceTitle "playchess.com"]
[Source "ChessBase"]
[SourceQuality "1"]
[TimeControl "40/5400+30:1800+30"]

1. e4 g6 2. Bc4 Bg7 3. Nf3 c6 4. O-O d5 5. exd5 cxd5 6. Bb3 {[%emt 0:01:00] B06: Modern Defence.} Nc6 7. h3 Nf6 8. d4 O-O 9. Bf4 {[%emt 0:01:14] [#]} Bf5 $146 ({Predecessor:} 9... Na5 10. Qe2 Nxb3 11. axb3 Re8 12. c4 b6 13. Nc3 a6 14. Rfc1 Bb7 15. c5 bxc5 16. dxc5 {0-1 (42) Papp,C (2160)-Barczay,L (2380) Szekszard 1996}) 10. Ne5 Rc8 11. c3 Na5 12. Bc2 Bxc2 13. Qxc2 b5 14. Qe2 Nc4 15. b3 Nd6 16. a4 b4 17. cxb4 Qb6 18. Nf3 Nf5 19. b5 Ne4 $15 20. Be5 Bxe5 21. a5 Nxd4 22. Nxd4 Qxd4 23. Ra4 Qc5 0-1

[Event "WSTCC-50 2020"]
[Site "Prague"]
[Date "2020.03.09"]
[Round "4.30"]
[White "Cerny, Martin"]
[Black "Pastircak, Milan"]
[Result "1/2-1/2"]
[ECO "D91"]
[WhiteElo "2123"]
[BlackElo "2277"]
[Annotator "ChessBase"]
[PlyCount "47"]
[EventDate "2020.03.06"]
[EventType "team-tourn"]
[EventCountry "CZE"]
[SourceTitle "playchess.com"]
[Source "ChessBase"]
[SourceQuality "1"]
[TimeControl "40/5400+30:1800+30"]

1. d4 Nf6 2. c4 g6 3. Nc3 d5 4. Nf3 Bg7 5. Bg5 Ne4 6. Bf4 Nxc3 7. bxc3 O-O 8. e3 c5 9. cxd5 cxd4 10. cxd4 Qxd5 11. Be2 Nc6 12. O-O Bf5 13. Qa4 Qa5 14. Qxa5 Nxa5 15. Bc7 Nc6 16. Rfc1 Rac8 17. Bf4 Rfd8 18. h3 h6 19. g4 Be6 20. Kf1 Kf8 21. a3 Bd5 22. Rab1 Be4 23. Ra1 Bd5 24. Rab1 1/2-1/2

[Event "WSTCC-50 2020"]
[Site "Prague"]
[Date "2020.03.09"]
[Round "4.34"]
[White "Dolgitser, Konstantin"]
[Black "Kempter, Ronald"]
[Result "1/2-1/2"]
[ECO "A48"]
[WhiteElo "2232"]
[BlackElo "2238"]
[Annotator "ChessBase"]
[PlyCount "107"]
[EventDate "2020.03.06"]
[EventType "team-tourn"]
[EventCountry "CZE"]
[SourceTitle "playchess.com"]
[Source "ChessBase"]
[SourceQuality "1"]
[TimeControl "40/5400+30:1800+30"]

1. Nf3 Nf6 2. d4 g6 3. c4 Bg7 4. g3 O-O 5. Bg2 d6 6. O-O Nc6 7. d5 Na5 8. Nfd2 c5 9. Qc2 a6 10. Nc3 Rb8 11. b3 b5 12. Bb2 e5 13. Rab1 h5 14. h3 Bh6 15. e3 Nh7 16. f4 f5 17. Nd1 e4 18. Nf2 Nf6 19. Rfe1 Bg7 20. Bf1 Qe7 21. Be2 Bd7 22. Kg2 Rbe8 23. Rh1 Kf7 24. Rbg1 Rh8 25. Kf1 Nb7 26. Rg2 Reg8 27. Rhg1 Ne8 28. g4 hxg4 29. hxg4 Bxb2 30. Qxb2 Qf6 31. Qc1 b4 32. Rg3 Qc3 33. Kg2 Qxc1 34. Rxc1 Rh4 35. gxf5 gxf5 36. Rxg8 Kxg8 37. Kg3 Rh6 38. Nh3 Nd8 39. Rg1 Nf7 40. Kf2+ Kf8 41. Rg3 Nf6 42. Kg2 Rh8 43. Nf1 Nh6 44. Rg5 Nf7 45. Rg6 Rg8 46. Rxg8+ Kxg8 47. Ng3 Nh6 48. Nf2 Be8 49. Kh3 Kg7 50. Kh4 a5 51. Bf1 a4 52. Be2 a3 53. Nh5+ Kg6 54. Nxf6 1/2-1/2

[Event "WSTCC-50 2020"]
[Site "Prague"]
[Date "2020.03.09"]
[Round "4.35"]
[White "Scheckenbach, Franz"]
[Black "Koganov, Mikhail"]
[Result "0-1"]
[ECO "C41"]
[WhiteElo "2101"]
[BlackElo "2085"]
[Annotator "ChessBase"]
[PlyCount "53"]
[EventDate "2020.03.06"]
[EventType "team-tourn"]
[EventCountry "CZE"]
[SourceTitle "playchess.com"]
[Source "ChessBase"]
[SourceQuality "1"]
[TimeControl "40/5400+30:1800+30"]

1. e4 d6 2. d4 Nf6 3. Nc3 e5 4. Nf3 Nbd7 5. Bc4 Be7 6. a4 a5 7. O-O c6 8. h3 Qc7 9. Bg5 Nf8 10. Qd2 h6 11. Be3 g5 12. Nh2 Ng6 13. Be2 Nf4 14. Ng4 h5 15. Nxf6+ Bxf6 16. Rad1 Qe7 17. dxe5 Bxe5 18. Rfe1 Rg8 19. Bf1 Be6 20. Bd4 g4 21. Bxe5 dxe5 22. h4 g3 23. Ne2 gxf2+ 24. Kxf2 Qxh4+ 25. g3 Qh2+ 26. Kf3 Nxe2 27. Ra1 0-1

[Event "WSTCC-50 2020"]
[Site "Prague"]
[Date "2020.03.09"]
[Round "4.36"]
[White "Leverett, Bruce"]
[Black "Arndt, Olaf"]
[Result "1-0"]
[ECO "A81"]
[WhiteElo "2264"]
[BlackElo "1887"]
[Annotator "ChessBase"]
[PlyCount "57"]
[EventDate "2020.03.06"]
[EventType "team-tourn"]
[EventCountry "CZE"]
[SourceTitle "playchess.com"]
[Source "ChessBase"]
[SourceQuality "1"]
[TimeControl "40/5400+30:1800+30"]

1. d4 f5 2. g3 Nf6 3. Bg2 e6 4. Nf3 d5 5. O-O Bd6 6. c4 c6 7. b3 O-O 8. Bb2 Bd7 9. Nbd2 Be8 10. Ne5 Bh5 11. Ndf3 Nbd7 12. Nd3 Qe7 13. a4 a5 14. Qc1 Ne4 15. Ba3 Bxa3 16. Qxa3 Qxa3 17. Rxa3 Bxf3 18. exf3 Nd2 19. Rc1 dxc4 20. bxc4 Nb6 21. Ne5 Rfd8 22. Rd3 Rxd4 23. Rxd4 Nb3 24. Rb1 Nxd4 25. Rxb6 Ne2+ 26. Kf1 Nc3 27. Rxb7 Nxa4 28. Nxc6 Nc5 29. Rb5 1-0

[Event "WSTCC-50 2020"]
[Site "Prague"]
[Date "2020.03.09"]
[Round "4.38"]
[White "Jhunjhnuwala, Ramesh"]
[Black "Farrell, Neil"]
[Result "1/2-1/2"]
[ECO "C05"]
[WhiteElo "2143"]
[BlackElo "2183"]
[Annotator "ChessBase"]
[PlyCount "88"]
[EventDate "2020.03.06"]
[EventType "team-tourn"]
[EventCountry "CZE"]
[SourceTitle "playchess.com"]
[Source "ChessBase"]
[SourceQuality "1"]
[TimeControl "40/5400+30:1800+30"]

1. e4 e6 2. d4 d5 3. Nd2 Nf6 4. e5 Nfd7 5. Ne2 c5 6. c3 Nc6 7. f4 Qb6 8. Nf3 f6 9. g3 cxd4 10. cxd4 Be7 11. Bh3 O-O 12. Bxe6+ Kh8 13. exf6 Nxf6 14. Bxc8 Raxc8 15. O-O Nb4 16. Nc3 Bd6 17. a3 Nc6 18. Qd3 Rce8 19. Kg2 Qb3 20. Qb5 Qxb5 21. Nxb5 Bb8 22. Nc3 a6 23. h3 Ba7 24. Rd1 Re7 25. f5 Rd7 26. Ne5 Re7 27. Nxc6 bxc6 28. Bg5 Rfe8 29. Bxf6 gxf6 30. Rd2 Kg7 31. Rad1 Kh6 32. Kf2 Kg5 33. g4 h5 34. gxh5 Kxh5 35. Re2 Kg5 36. Rxe7 Rxe7 37. Ne2 Kxf5 38. Kf3 Rh7 39. Rc1 Rxh3+ 40. Kf2 Ke4 41. Rxc6 Rh2+ 42. Ke1 Kd3 43. Rc3+ Ke4 44. Rc6 Kd3 1/2-1/2

[Event "WSTCC-50 2020"]
[Site "Prague"]
[Date "2020.03.09"]
[Round "4.39"]
[White "Grant, Jonathan I M"]
[Black "Jhunjhnuwala, Naresh"]
[Result "1-0"]
[ECO "A25"]
[WhiteElo "2166"]
[BlackElo "2085"]
[Annotator "ChessBase"]
[PlyCount "73"]
[EventDate "2020.03.06"]
[EventType "team-tourn"]
[EventCountry "CZE"]
[SourceTitle "playchess.com"]
[Source "ChessBase"]
[SourceQuality "1"]
[TimeControl "40/5400+30:1800+30"]

1. c4 e5 2. Nc3 Nc6 3. g3 g6 4. Bg2 Bg7 5. e4 Nge7 6. Nge2 d6 7. d3 O-O 8. O-O Nd4 9. Nxd4 exd4 10. Ne2 c5 11. Rb1 Nc6 12. Bd2 a5 13. Nf4 Ne5 14. Qc2 Rb8 15. a3 b5 16. cxb5 Rxb5 17. b4 axb4 18. axb4 Bd7 19. bxc5 dxc5 20. Nd5 Re8 21. f4 Ng4 22. Rxb5 Bxb5 23. Rb1 Ba6 24. Rb6 Qc8 25. h3 Nh6 26. f5 Kh8 27. f6 Bf8 28. Ne7 Bxe7 29. fxe7 Ng8 30. Bf4 Rxe7 31. Bd6 Re6 32. Qa4 Bxd3 33. Qa7 Kg7 34. Rb8 Qa6 35. Rxg8+ Kxg8 36. Qb8+ Kg7 37. Bf8+ 1-0

[Event "WSTCC-50 2020"]
[Site "Prague"]
[Date "2020.03.09"]
[Round "4.40"]
[White "Jhunjhnuwala, Suresh"]
[Black "Burnett, Andrew"]
[Result "0-1"]
[ECO "E90"]
[WhiteElo "1864"]
[BlackElo "2138"]
[Annotator "ChessBase"]
[PlyCount "132"]
[EventDate "2020.03.06"]
[EventType "team-tourn"]
[EventCountry "CZE"]
[SourceTitle "playchess.com"]
[Source "ChessBase"]
[SourceQuality "1"]
[TimeControl "40/5400+30:1800+30"]

1. e4 g6 2. Nf3 Bg7 3. d4 d6 4. c4 Nf6 5. Nc3 Bg4 6. Be2 O-O 7. h3 Bxf3 8. Bxf3 Nfd7 9. O-O e5 10. dxe5 dxe5 11. Be2 Nc6 12. Rb1 a5 13. Be3 Nd4 14. f4 Nxe2+ 15. Qxe2 exf4 16. Bxf4 Ne5 17. Rbd1 Qe7 18. Nd5 Qc5+ 19. Be3 Qxc4 20. Qxc4 Nxc4 21. Bc5 Rfd8 22. b3 Nb2 23. Rb1 Nd3 24. Be7 Rd7 25. Nf6+ Bxf6 26. Bxf6 Re8 27. e5 Re6 28. Rbd1 Nxe5 29. Rxd7 Nxd7 30. Bd8 Rc6 31. Rd1 Nf8 32. Rd2 Kg7 33. Bg5 Ne6 34. Be3 Kf8 35. Bf2 Rc1+ 36. Kh2 Ke7 37. Bg3 f6 38. Bf2 b6 39. g4 Nc5 40. Re2+ Kd7 41. Kg2 Ne6 42. Bg3 Rd1 43. Rf2 Ke7 44. Bh4 g5 45. Bg3 Rd4 46. Rc2 c5 47. Re2 b5 48. Bf2 Rd5 49. Be1 Kd7 50. Re3 Nf4+ 51. Kg3 b4 52. h4 h6 53. hxg5 hxg5 54. Kf3 Rd3 55. Rxd3+ Nxd3 56. Bd2 Ke6 57. Ke4 Ne5 58. Be3 c4 59. bxc4 Nxc4 60. Bc5 Ne5 61. Bb6 a4 62. Bc5 b3 63. axb3 axb3 64. Bd4 Nxg4 65. Kd3 Kd5 66. Be5 Kxe5 {Kd4+} 0-1

[Event "WSTCC-50 2020"]
[Site "Prague"]
[Date "2020.03.09"]
[Round "4.41"]
[White "Weyrich, Morten"]
[Black "Fritsche, Lutz"]
[Result "0-1"]
[ECO "A25"]
[WhiteElo "2281"]
[BlackElo "2321"]
[Annotator "RC"]
[PlyCount "86"]
[EventDate "2020.03.06"]
[EventType "team-tourn"]
[EventCountry "CZE"]
[SourceTitle "playchess.com"]
[Source "ChessBase"]
[SourceQuality "1"]
[TimeControl "40/5400+30:1800+30"]

1. c4 g6 2. Nc3 Bg7 3. g3 e5 4. Bg2 Nc6 5. e4 d6 6. Nge2 h5 7. h4 Be6 8. d3 Qd7 9. Be3 Nh6 10. f3 f5 11. Nd5 Ne7 12. Qd2 Nf7 13. O-O-O c6 14. Nxe7 Qxe7 15. Kb1 O-O 16. f4 Rad8 17. Nc3 Qc7 18. exf5 Bxf5 19. Be4 exf4 20. Bxf4 Ne5 21. Bxf5 Rxf5 22. Qe2 Qf7 23. Rhf1 Qd7 24. Ne4 Re8 25. d4 Ng4 26. Qg2 d5 27. Nc5 Qf7 28. cxd5 cxd5 29. Nb3 Re4 30. Rfe1 Rfxf4 31. gxf4 Ne3 32. Rxe3 Rxe3 33. Rc1 b6 34. Nd2 Qf5+ 35. Ka1 Bxd4 36. Nf3 Bf6 37. Ne5 Bxe5 38. Qxd5+ Kh7 39. fxe5 Qxe5 40. Qd7+ Qe7 41. Qc8 Qxh4 42. Rc7+ Re7 43. a3 Qf6 0-1

[Event "WSTCC-50 2020"]
[Site "Prague"]
[Date "2020.03.09"]
[Round "4.45"]
[White "Svanda, Pavel"]
[Black "Denk, Adolf"]
[Result "1/2-1/2"]
[ECO "B50"]
[WhiteElo "2074"]
[BlackElo "2224"]
[Annotator "ChessBase"]
[PlyCount "58"]
[EventDate "2020.03.06"]
[EventType "team-tourn"]
[EventCountry "CZE"]
[SourceTitle "playchess.com"]
[Source "ChessBase"]
[SourceQuality "1"]
[TimeControl "40/5400+30:1800+30"]

1. e4 c5 2. Nf3 d6 3. Bc4 Nf6 4. d3 e6 5. O-O Be7 6. Re1 Nc6 7. c3 O-O 8. Bb3 e5 9. Nbd2 Rb8 10. Nf1 Be6 11. Bc2 Qc7 12. Qe2 b5 13. Ng5 Bg4 14. f3 Bd7 15. f4 exf4 16. Bxf4 Ne5 17. Ne3 h6 18. Nf3 Be6 19. h3 Rfe8 20. Bg3 b4 21. Nxe5 dxe5 22. d4 cxd4 23. cxd4 Bd6 24. d5 Bd7 25. Kh1 Bb5 26. Qf3 Bf8 27. Rac1 Qd7 28. Bh4 Nh7 29. Bb1 Rbc8 1/2-1/2

[Event "WSTCC-50 2020"]
[Site "Prague"]
[Date "2020.03.09"]
[Round "4.46"]
[White "Druckenthaner, Andreas"]
[Black "Miculka, Petr"]
[Result "1-0"]
[ECO "B25"]
[WhiteElo "2277"]
[BlackElo "2040"]
[Annotator "ChessBase"]
[PlyCount "65"]
[EventDate "2020.03.06"]
[EventType "team-tourn"]
[EventCountry "CZE"]
[SourceTitle "playchess.com"]
[Source "ChessBase"]
[SourceQuality "1"]
[TimeControl "40/5400+30:1800+30"]

1. e4 c5 2. Nc3 Nc6 3. g3 g6 4. Bg2 Bg7 5. d3 d6 6. Nh3 e6 7. Be3 Nd4 8. O-O Ne7 9. Qd2 O-O 10. Bh6 b5 11. Bxg7 Kxg7 12. f4 Rb8 13. Ne2 Nxe2+ 14. Qxe2 Qb6 15. g4 f6 16. Kh1 Bb7 17. Rf2 Rbc8 18. Raf1 c4 19. f5 cxd3 20. cxd3 exf5 21. Nf4 Kh8 22. gxf5 g5 23. Ne6 Rg8 24. Qh5 Rg7 25. d4 Nc6 26. Nxg7 Kxg7 27. h4 Qxd4 28. hxg5 Ne5 29. Qh6+ Kg8 30. gxf6 Rc7 31. Bf3 Bxe4 32. Rg2+ Ng6 33. Bxe4 1-0

[Event "WSTCC-50 2020"]
[Site "Prague"]
[Date "2020.03.09"]
[Round "4.47"]
[White "Tesar, Jan"]
[Black "Ernst, Michael"]
[Result "1/2-1/2"]
[ECO "D02"]
[WhiteElo "2008"]
[BlackElo "2155"]
[Annotator "ChessBase"]
[PlyCount "56"]
[EventDate "2020.03.06"]
[EventType "team-tourn"]
[EventCountry "CZE"]
[SourceTitle "playchess.com"]
[Source "ChessBase"]
[SourceQuality "1"]
[TimeControl "40/5400+30:1800+30"]

1. d4 d5 2. Nf3 Bf5 3. g3 Nf6 4. Bg2 h6 5. O-O e6 6. c4 c6 7. b3 Nbd7 8. Bb2 Be7 9. Nbd2 O-O 10. Ne5 a5 11. a3 Ne4 12. Nxe4 Bxe4 13. Bxe4 dxe4 14. Nxd7 Qxd7 15. Qc2 f5 16. Rad1 Bf6 17. e3 Rfd8 18. Rd2 Qe7 19. Rfd1 Kh8 20. Bc3 Qxa3 21. Ra1 Qe7 22. Bxa5 b6 23. Bc3 Rxa1+ 24. Bxa1 Rd7 25. Bc3 Qd8 26. Qd1 Kh7 27. Qa1 Kg8 28. Ra2 Qc7 1/2-1/2

[Event "WSTCC-50 2020"]
[Site "Prague"]
[Date "2020.03.09"]
[Round "4.48"]
[White "Gattermayer, Robert"]
[Black "Bradac, Roman"]
[Result "1/2-1/2"]
[ECO "B26"]
[WhiteElo "1979"]
[BlackElo "1974"]
[Annotator "ChessBase"]
[PlyCount "44"]
[EventDate "2020.03.06"]
[EventType "team-tourn"]
[EventCountry "CZE"]
[SourceTitle "playchess.com"]
[Source "ChessBase"]
[SourceQuality "1"]
[TimeControl "40/5400+30:1800+30"]

1. e4 c5 2. Nc3 g6 3. d3 Nc6 4. Be3 d6 5. g3 Bg7 6. Bg2 Nf6 7. h3 Nd4 8. Nce2 e5 9. c3 Nc6 10. Qd2 O-O 11. Bh6 d5 12. Bxg7 Kxg7 13. exd5 Nxd5 14. Nf3 Re8 15. O-O f6 16. Rad1 Be6 17. Rfe1 Qa5 18. Nc1 Rad8 19. Nb3 Qb6 20. Qc2 Nde7 21. Kh1 Bf5 22. Nh4 Be6 1/2-1/2